 Dungeon Crawl Stone Soup version 0.27-a0-1200-g94dc6ad4cf (webtiles) character file.

Game seed: 9122818738015328583

6262 brennanasaurus the Basher (level 10, -3/60 HPs)
             Began as a Gargoyle Berserker on May 30, 2021.
             Was an Elder of Trog.
             Slain by a skeletal warrior
             ... wielding a +0 battleaxe
             ... led by a skeletal warrior
              (15 damage)
             ... on level 9 of the Dungeon.
             The game lasted 00:28:46 (9950 turns).

brennanasaurus the Basher (Gargoyle Berserker)      Turns: 9950, Time: 00:28:47

Health: -3/60      AC: 28    Str: 26    XL:     10   Next: 93%
Magic:  10/10      EV: 12    Int:  8    God:    Trog [****..]
Gold:   691        SH:  0    Dex: 15    Spells: 9/9 levels left

rFire    . . .     SeeInvis .   u - +3 flail (drain)
rCold    . . .     Faith    .   (no shield)
rNeg     + . .     Spirit   .   r - +1 plate armour
rPois    ∞         Reflect  .   c - +0 helmet
rElec    +         Harm     .   (no cloak)
rCorr    .         Rampage  .   s - +2 pair of gloves of Objectivity {Fly Will+ Str+2}
Will     +....                  B - +2 pair of boots
Stlth    ..........             n - amulet of regeneration
HPRegen  1.20/turn              e - +4 ring of evasion
MPRegen  0.12/turn              D - +6 ring of dexterity

@: about to teleport, on berserk cooldown, flying, slowed, very slow
A: sickness immunity, AC +7, negative energy resistance 1, electricity
resistance, torment resistance 1, petrification resistance
a: Renounce Religion, Berserk, Trog's Hand, Brothers in Arms


You were on level 9 of the Dungeon.
You worshipped Trog.
Trog was greatly pleased with you.
You visited 1 branch of the dungeon, and saw 10 of its levels.
You also visited: Sewer.

You collected 691 gold pieces.

Inventory:

Hand Weapons
 a - a +0 mace
 g - a +0 flail
 u - a +3 flail of draining (weapon)
 v - the +12 flail "Impbane" {pain, Fly}
   (You took it off a hobgoblin on level 4 of the Dungeon)

   In the hands of one skilled in necromantic magic, it inflicts extra damage on
   living creatures.
   It grants you flight.
   Trog disapproves of the use of such an item.
 R - the +8 falchion "Diojem" {drain, Contam +Rage Dex+4}
   (You found it on level 9 of the Dungeon)

   A truly terrible weapon, it drains the life of those it strikes.
   It affects your dexterity (+4).
   It lets you go berserk.
   It causes magical contamination when unequipped.
Missiles
 o - 2 curare-tipped darts
 M - 3 throwing nets
Armour
 b - a +0 animal skin
 c - a +0 helmet (worn)
 k - the +2 ring mail "Ziodasma" {rPois rN+ Stlth+}
   (You found it on level 4 of the Dungeon)

   It protects you from poison.
   It protects you from negative energy.
   It makes you more stealthy.
 r - a +1 plate armour (worn)
 s - the +2 pair of gloves of Objectivity (worn) {Fly Will+ Str+2}
   (You found it on level 5 of the Dungeon)

   It affects your strength (+2).
   It grants you flight.
   It increases your willpower.
 B - a +2 pair of boots (worn)
Jewellery
 d - a ring of protection from cold
 e - a +4 ring of evasion (left hand)
 n - an amulet of regeneration (around neck)
 t - a ring of willpower
 y - the ring of Equilibrium {rC+ SInv}
   (You found it on level 7 of the Dungeon)

   [ring of protection from cold]

   It protects you from cold.
   It lets you see invisible.
 D - a +6 ring of dexterity (right hand)
 H - a ring of flight
 K - a +6 ring of intelligence
Wands
 F - a wand of iceblast (6)
 G - a wand of charming (16)
 L - a wand of mindburst (11)
 N - a wand of paralysis (13)
 P - a wand of acid (11)
Scrolls
 j - 7 scrolls of identify
 l - 4 scrolls of teleportation
 z - a scroll of magic mapping
 Q - a scroll of immolation {unknown}
 S - a scroll of holy word
Potions
 h - 3 potions of brilliance
 m - a potion of haste {unknown}
 p - 4 potions of flight {unknown}
 q - a potion of magic {unknown}
 w - 2 potions of ambrosia {unknown}
 x - 2 potions of mutation {unknown}
 A - a potion of experience {unknown}
 C - a potion of degeneration {unknown}
 E - 2 potions of attraction {unknown}
 I - a potion of might {unknown}
 J - a potion of cancellation {unknown}
 O - a potion of lignification {unknown}


   Skills:
 * Level 5.7 Fighting
 + Level 14.2 Maces & Flails
 * Level 5.6 Armour
 * Level 2.9 Dodging
 - Level 0.2 Stealth


You had 9 spell levels left.
You didn't know any spells.
Your spell library was empty.

Dungeon Overview and Level Annotations

Branches:
Dungeon (10/15)            Temple (0/1) D:6            Lair (0/6) D:10
    Orc (0/2) D:9           Sewer (visited)

Altars:
Cheibriados
Dithmenos
Elyvilon
Kikubaaqudgha
Makhleb
Okawaru
Qazlal
Ru
Sif Muna
Trog
Uskayaw
Beogh

Shops:
D:5 !

Annotations:
D:3 Grinder


Innate Abilities, Weirdness & Mutations

You are immune to sickness and miasma.
Your stone body is resilient. (AC +7)
You are immune to poison.
You resist negative energy. (rN+)
You are resistant to electric shocks. (rElec)
You are resistant to unholy torment.
You are immune to petrification.


Message History

You feel a strong urge to attack something.
You feel your anger nearly subside.
You are no longer berserk.
You are exhausted.
You feel yourself slow down.
You feel better.
The skeletal warrior hits you but does no damage.
The skeletal warrior hits you but does no damage.
The skeletal warrior hits you but does no damage.
The skeletal warrior hits you but does no damage.
The skeletal warrior hits you but does no damage.
The skeletal warrior closely misses you.
There is a stone staircase leading up here.
The skeletal warrior hits you from afar with a +0 trident!
The skeletal warrior hits you but does no damage.
The skeletal warrior hits you from afar with a +0 trident!
You fly upwards.
There is a stone staircase leading down here.
You feel better.
The skeletal warrior hits you with a +0 battleaxe!!
* * * LOW HITPOINT WARNING * * *
The skeletal warrior hits you with a +0 battleaxe!
* * * LOW HITPOINT WARNING * * *
Okay, then.
You feel better.
The skeletal warrior closely misses you.
You feel better. The skeletal warrior barely misses you.
The skeletal warrior hits you with a +0 battleaxe!
* * * LOW HITPOINT WARNING * * *
You hit the skeletal warrior but do no damage.
The skeletal warrior is lightly damaged.
The skeletal warrior barely misses you.
You sock the skeletal warrior!
The skeletal warrior is moderately damaged.
The skeletal warrior hits you with a +0 battleaxe!
* * * LOW HITPOINT WARNING * * *
Okay, then.
As you read the scroll of teleportation, it crumbles to dust.
You feel strangely unstable.
The skeletal warrior hits you with a +0 battleaxe!
You die...

#....................#.....<...
###..................#.........
#..................#.........
#...#########......#.........
#...#.......#......#.........
#...#.......##.....#.........
#...#........#.....##########
#...#.......z#...............
#...#.......@'...#####.......
#...#........#...'...#.......
#...#........#...#...#.......
##..########'#)..#..[#.......
#...............#...#.......
#...............#...#.....#'
#...............#...#.....#.
#.......######..#...#..####.
#.......# #..#...#..#....


You could see a skeletal warrior.

Vanquished Creatures
  Harold (D:8)
  A skeletal warrior (D:10)
  Joseph (D:8)
  A troll (D:9)
  A hornet (D:9)
  A vampire (D:9)
  A yak (D:10)
  A wyvern (D:9)
  An acid dragon (D:8)
  3 water moccasins (D:8)
  2 ice beasts
  Purgy (Sewer)
  4 black bears
  7 orc warriors
  3 ogres
  2 centaurs
  Blork the orc (D:4)
  3 kobold brigands
  2 bullfrogs (D:7)
  2 gnoll sergeants
  A scorpion (D:10)
  3 wights (D:9)
  A howler monkey (D:6)
  A centaur zombie (D:7)
  2 jellies
  A bullfrog zombie (D:5)
  3 hounds
  3 orc priests (D:9)
  A centaur skeleton (D:4)
  2 bullfrog skeletons (D:6)
  3 iguanas
  Natasha (twice) (D:2 D:1)
  2 orc wizards
  Robin (D:2)
  15 gnolls
  11 adders
  2 shadow imps
  A white imp (D:7)
  An ufetubus (D:6)
  2 worms
  2 dart slugs
  34 orcs
  6 ball pythons
  2 bats
  2 bat zombies (D:8)
  6 endoplasms
  5 giant cockroaches
  21 goblins
  7 hobgoblins
  8 jackals
  A quokka (D:1)
  3 frilled lizards
  14 kobolds
  5 rats
213 creatures vanquished.

Vanquished Creatures (others)
  3 fungi (D:10)
  2 plants (D:10)
5 creatures vanquished.

Grand Total: 218 creatures vanquished

Notes
Turn   | Place    | Note
-------+----------+-------------------------------------------
     0 | D:1      | brennanasaurus the Gargoyle Berserker began the quest for
                  | the Orb.
     0 | D:1      | Reached XP level 1. HP: 14/14 MP: 1/1
   206 | D:1      | Reached XP level 2. HP: 16/19 MP: 2/2
   310 | D:1      | Found a faded altar of an unknown god.
   719 | D:2      | Noticed Robin
   737 | D:1      | Reached skill level 4 in Maces & Flails
  1003 | D:2      | Reached XP level 3. HP: 23/23 MP: 3/3
  1018 | D:2      | Reached ** piety under Trog
  1353 | D:2      | Killed Robin
  1357 | D:2      | Reached XP level 4. HP: 10/28 MP: 4/4
  1707 | D:2      | Noticed Natasha
  1727 | D:2      | Killed Natasha
  1728 | D:2      | Reached skill level 5 in Maces & Flails
  1737 | D:2      | Reached XP level 5. HP: 7/32 MP: 5/5
  1755 | D:2      | Noticed Natasha
  1778 | D:1      | Killed Natasha
  2226 | D:2      | Reached skill level 6 in Maces & Flails
  2279 | D:2      | You fall into a shaft and drop 2 floors!
  2292 | D:4      | Reached *** piety under Trog
  2320 | D:4      | Identified the +2 ring mail "Ziodasma" {rPois rN+ Stlth+}
  2347 | D:4      | Noticed an ice beast
  2667 | D:3      | Reached XP level 6. HP: 37/37 MP: 6/6
  2916 | D:3      | Noticed Grinder
  2926 | D:3      | Found a sacrificial altar of Ru.
  2935 | D:3      | Found a glowing drain.
  2955 | Sewer    | Entered a sewer
  2958 | Sewer    | Noticed Purgy
  3014 | Sewer    | Reached skill level 7 in Maces & Flails
  3126 | Sewer    | Killed Purgy
  3420 | D:3      | Reached XP level 7. HP: 39/41 MP: 7/7
  4245 | D:4      | Reached skill level 8 in Maces & Flails
  4273 | D:4      | Noticed Blork the orc
  4279 | D:4      | Killed Blork the orc
  4556 | D:4      | Identified the +12 flail "Impbane" {pain, Fly}
  4981 | D:4      | Reached **** piety under Trog
  5100 | D:5      | Entered Level 5 of the Dungeon
  5120 | D:5      | Reached skill level 9 in Maces & Flails
  5187 | D:5      | Found a snail-covered altar of Cheibriados.
  5237 | D:5      | Found Lasm's Distillery.
  5261 | D:5      | Reached XP level 8. HP: 46/46 MP: 8/8
  5414 | D:5      | Identified the +2 pair of gloves of Objectivity {Fly Will+
                  | Str+2}
  5805 | D:5      | Reached skill level 10 in Maces & Flails
  5981 | D:6      | Found a staircase to the Ecumenical Temple.
  6019 | D:6      | Reached skill level 11 in Maces & Flails
  6287 | D:6      | Reached XP level 9. HP: 51/51 MP: 9/9
  6726 | D:6      | Found a shimmering blue altar of Sif Muna.
  7042 | D:7      | Identified the ring of Equilibrium {rC+ SInv}
  7116 | D:7      | Found a burning altar of Makhleb.
  7385 | D:7      | Found a hide-covered altar of Uskayaw.
  7385 | D:7      | Found a white marble altar of Elyvilon.
  7994 | D:8      | Noticed Harold
  8014 | D:8      | Killed Harold
  8015 | D:8      | Reached skill level 12 in Maces & Flails
  8063 | D:8      | Found an ancient bone altar of Kikubaaqudgha.
  8097 | D:8      | Found a stormy altar of Qazlal.
  8119 | D:8      | Reached skill level 13 in Maces & Flails
  8319 | D:8      | Reached XP level 10. HP: 56/56 MP: 10/10
  8375 | D:8      | Found an iron altar of Okawaru.
  8376 | D:8      | Found a bloodstained altar of Trog.
  8423 | D:8      | Noticed Joseph
  8434 | D:8      | Killed Joseph
  8601 | D:9      | Found a staircase to the Orcish Mines.
  9028 | D:9      | Identified the +8 falchion "Diojem" {drain, Contam +Rage
                  | Dex+4}
  9324 | D:9      | Reached skill level 14 in Maces & Flails
  9652 | D:10     | Entered Level 10 of the Dungeon
  9676 | D:10     | Found a shadowy altar of Dithmenos.
  9756 | D:10     | Reached skill level 5 in Fighting
  9828 | D:10     | Found a staircase to the Lair.
  9838 | D:10     | Reached skill level 5 in Armour
  9909 | D:10     | Noticed a skeletal warrior
  9912 | D:10     | Noticed a skeletal warrior
  9912 | D:10     | Noticed a skeletal warrior
  9923 | D:10     | Noticed a skeletal warrior
  9927 | D:10     | Killed a skeletal warrior
  9945 | D:9      | HP: 3/60 [skeletal warrior/+0 battleaxe[a skeletal warrior]
                  | (7)]
  9950 | D:9      | Slain by a skeletal warrior

Illustrated notes

Levels and vault maps discovered:
D:1:      minmay_arrival_cross, layout_basic, ebering_ecumenical_altar_box
D:2:      layout_rooms, uniq_robin, uniq_natasha
D:3:      layout_loops_cross, nicolae_ru_great_annihilating_truth,
          portal_sewer_entry_d, uniq_grinder
D:4:      layout_basic, minmay_misc_feat_nine_boxes, uniq_blork_the_orc
D:5:      layout_loops_corners, amcnicky_altar_gilded, serial_shops, shop
D:6:      layout_basic, nicolae_sif_muna_condensation, minmay_temple_entry_grid
D:7:      layout_layer_cave, makhleb_heckhound_becter,
          grunt_temple_overflow_open
D:8:      layout_rooms, grunt_temple_overflow_bloody_war,
          overflow_temple_1_default, lemuel_zombie_altar_kikubaaqudgha,
          grunt_decor_arrowhead, uniq_harold, uniq_joseph
D:9:      layout_irregular_city, david_orc_5
D:10:     statuecave_lemuel, layout_basic, kennysheep_little_box,
          grunt_dithmenos_shadows, grunt_lair_entry_orc_guard_hut

Skill      XL: |  1  2  3  4  5  6  7  8  9 10 |
---------------+-------------------------------+-----
Maces & Flails | 4 5 6 7 9 11 13 14 | 14.2
Armour         | 5 |  5.6
Fighting       | 5 |  5.7
Dodging        | 2 |  2.9
Stealth        | |  0.2

Action                   |  1- 3 |  4- 6 |  7- 9 | 10-12 || total
-------------------------+-------+-------+-------+-------++-------
Melee: Mace              |   110 |    52 |       |       ||   162
       Flail             |       |   152 |   317 |   202 ||   671
Invok: Berserk           |     1 |     3 |       |       ||     4
  Use: Scroll            |     4 |     2 |     5 |     1 ||    12
       Potion            |       |       |     1 |     5 ||     6
 Stab: Sleeping          |       |     2 |       |       ||     2
       Paralysed         |       |       |     2 |       ||     2
Armor: Animal skin       |    37 |    13 |       |       ||    50
       Ring mail         |       |    53 |       |       ||    53
       Plate armour      |       |       |   157 |    94 ||   251
Dodge: Dodged            |    62 |   165 |   130 |   115 ||   472

Table legend: (Time is in decaauts)
 A = Elapsed time spent in this place.
 B = Non-inter-level travel time spent in this place.
 C = Inter-level travel time spent in this place.
 D = Time resting spent in this place.
 E = Time spent auto-exploring this place.
 F = Levels seen in this place.
 G = Mean time per level.
                   A        B        C        D        E       F      G
               +--------+--------+--------+--------+--------+-----+--------+
         Total |   9946 |   9946 |      0 |   1612 |   5969 |  11 |  904.2 |
       Dungeon |   9650 |   9650 |      0 |   1498 |   5969 |  10 |  965.0 |
         Sewer |    296 |    296 |      0 |    114 |      0 |   1 |  296.0 |
               +--------+--------+--------+--------+--------+-----+--------+

Top non-repeatable levels by time:
     D:1: 1557 daAuts
     D:3: 1201 daAuts
     D:4: 1168 daAuts
     D:7: 1120 daAuts
     D:9: 1086 daAuts
     D:2: 965 daAuts
     D:6: 926 daAuts
     D:5: 812 daAuts
     D:8: 535 daAuts
   Sewer: 296 daAuts
    D:10: 276 daAuts
